[Event "Team 45 45 League T47"]
[Site "Internet Chess Club"]
[Date "2010.12.03"]
[Round "5"]
[White "rook9999"]
[Black "parrot9"]
[Result "1-0"]
[WhiteElo "1828"]
[BlackElo "1609"]
[Opening "Sicilian: Najdorf, Byrne (English) attack"]
[ECO "B90"]
[Time "15:32:29"]
[TimeControl "2700+45"]

1. e4 c5 2. Nf3 d6 3. d4 cxd4 4. Nxd4 Nf6 5. Nc3 a6 6. Be3 e6 7. f3 Be7 8. Qd2
Qc7 9. Be2 Nbd7 10. O-O O-O 11. Bg5 b5 12. a3 Nb6 13. f4 Bb7 14. Bxf6 Bxf6 15.
Ndxb5 axb5 16. Nxb5 Qc5+ 17. Kh1 Rfd8 18. Bd3 Nc4 19. Bxc4 Qxc4 20. Qb4 Qxb4 21.
axb4 Bxe4 22. Rxa8 Rxa8 23. Nxd6 Bxc2 24. g3 Bxb2 25. Rf2 Bc3 26. Rxc2 Bxb4 27.
Ne4 h6 28. Rc4 Ra1+ 29. Kg2 Rb1 30. Rc8+ Kh7 31. Rb8 Rb2+ 32. Kf3 Bc3 33. Rf8
Be1 34. Rxf7 Rxh2 35. Re7 Kg6 36. Rxe6+ Kf5 37. Rc6 h5 38. Rb6 Ra2 39. Rb3 Ke6
40. Re3 {Black resigns} 1-0

[Event "Team 45 45 League T47"]
[Site "Internet Chess Club"]
[Date "2010.12.05"]
[Round "5"]
[White "ElmerHo"]
[Black "juniorVishy"]
[Result "1/2-1/2"]
[WhiteElo "1618"]
[BlackElo "1602"]
[Opening "Sicilian: accelerated fianchetto, Maróczy bind, 6.Be3"]
[ECO "B38"]
[Time "20:00:19"]
[TimeControl "2700+45"]

1. e4 c5 2. Nf3 Nc6 3. d4 cxd4 4. Nxd4 g6 5. c4 Bg7 6. Be3 Nf6 7. Nc3 O-O 8. Be2
d6 9. O-O Bd7 10. Qd2 Ng4 11. Bxg4 Bxg4 12. f3 Bd7 13. Rfd1 Ne5 14. b3 Qa5 15.
Nd5 Qxd2 16. Nxe7+ Kh8 17. Rxd2 Nc6 18. Nd5 f5 19. Re1 fxe4 20. fxe4 Rae8 21.
Bf2 Rxf2 22. Kxf2 Bxd4+ 23. Kf1 Rf8+ 24. Ke2 Bg4+ 25. Kd3 Be5 26. h3 Be6 27. a3
Nd4 28. b4 Kg7 {Game drawn by mutual agreement} 1/2-1/2

[Event "Team 45 45 League T47"]
[Site "Internet Chess Club"]
[Date "2010.12.04"]
[Round "5"]
[White "mmf00"]
[Black "Invicta-Knight"]
[Result "1-0"]
[WhiteElo "1713"]
[BlackElo "1502"]
[Opening "Scandinavian (center counter) defense"]
[ECO "B01"]
[Time "14:13:09"]
[TimeControl "2700+45"]

1. e4 d5 2. exd5 Qxd5 3. Nc3 Qa5 4. d4 Bf5 5. Nf3 Nd7 6. Bc4 e6 7. O-O h6 8. Re1
O-O-O 9. Bd2 Bg4 10. h3 Bxf3 11. Qxf3 Ngf6 12. Rad1 Qh5 13. Qxh5 Nxh5 14. Be3
Nb6 15. Bb3 Bb4 16. a3 Bxc3 17. bxc3 Nd5 18. c4 Nc3 19. Ra1 Ne4 20. a4 g5 21. a5
a6 22. c5 f5 23. Bxe6+ Kb8 24. Bxf5 Rhf8 25. Bxe4 {Black resigns} 1-0

[Event "Team 45 45 League T47"]
[Site "Internet Chess Club"]
[Date "2010.12.04"]
[Round "5"]
[White "Whalen"]
[Black "cazj"]
[Result "1-0"]
[WhiteElo "1599"]
[BlackElo "1345"]
[Opening "Giuoco Piano"]
[ECO "C54"]
[Time "10:18:19"]
[TimeControl "2700+45"]

1. e4 e5 2. Nf3 Nc6 3. Bc4 Bc5 4. c3 Nf6 5. d3 d6 6. h3 O-O 7. Nbd2 Be6 8. O-O
d5 9. exd5 Bxd5 10. Re1 Re8 11. Bb5 e4 12. dxe4 Nxe4 13. c4 Bxf2+ 14. Kf1 Bxe1
15. cxd5 Ng3+ 16. Kg1 Bxd2 17. dxc6 Ne2+ 18. Bxe2 Bxc1 19. Rxc1 Qe7 20. Bc4 Qc5+
21. Kh1 Qxc6 22. Bd5 Qb6 23. Ng5 Re7 24. Qf3 Rf8 25. Qd3 g6 26. Qc3 Qb5 27. Ne4
Qb6 28. Nf6+ {Black resigns} 1-0

[Event "Team 45 45 League T47"]
[Site "Internet Chess Club"]
[Date "2010.12.06"]
[Round "5"]
[White "kidviper"]
[Black "mitus"]
[Result "1-0"]
[WhiteElo "1915"]
[BlackElo "1750"]
[Opening "Scotch gambit: Dubois-Réti defense"]
[ECO "C55"]
[Time "13:02:41"]
[TimeControl "2700+45"]

1. e4 e5 2. Nf3 Nc6 3. d4 exd4 4. Bc4 Nf6 5. e5 d5 6. Bb5 Ne4 7. Nxd4 Bd7 8.
Bxc6 bxc6 9. O-O Bc5 10. f3 Ng5 11. Be3 O-O 12. Nc3 Ne6 13. Qd2 Bxd4 14. Bxd4 c5
15. Bf2 Bc6 16. Rfe1 d4 17. Ne4 Bxe4 18. Rxe4 Qd5 19. b3 c6 20. Rae1 Nc7 21. a4
Qe6 22. Qa5 Qe7 23. Bh4 Qd7 24. Qxc5 Ne6 25. Qc4 g5 26. Bxg5 Nxg5 27. Rg4 h6 28.
h4 {Black resigns} 1-0

[Event "Team 45 45 League T47"]
[Site "Internet Chess Club"]
[Date "2010.12.03"]
[Round "5"]
[White "clarinetref"]
[Black "Warpdrive"]
[Result "1-0"]
[WhiteElo "1691"]
[BlackElo "1561"]
[Opening "Réti: King's Indian attack"]
[ECO "A05"]
[Time "20:02:33"]
[TimeControl "2700+45"]

1. Nf3 Nf6 2. g3 g6 3. Bg2 Bg7 4. O-O O-O 5. d4 d5 6. Nbd2 c6 7. b3 Nbd7 8. Bb2
b6 9. c4 e6 10. Rc1 a5 11. a4 Ba6 12. Re1 Rc8 13. Rc2 Re8 14. h3 c5 15. Qa1 dxc4
16. bxc4 cxd4 17. Nxd4 Qc7 18. Rec1 Bb7 19. Nb5 Qb8 20. Bxb7 Qxb7 21. Nd6 Qc6
22. Nxe8 Nxe8 23. Bxg7 Nxg7 24. Nf3 Nc5 25. Nd4 Qe4 26. f3 Qe3+ 27. Kf1 Nh5 28.
Qc3 Nxg3+ 29. Kg2 Qg5 30. f4 Qxf4 31. Qxg3 Qxd4 32. e3 Qe4+ 33. Qf3 Qxf3+ 34.
Kxf3 Nxa4 35. Ra2 Nc5 36. Rb1 Rc6 37. e4 f5 38. exf5 exf5 39. Ke3 g5 40. Rg1 h6
41. Rf2 f4+ 42. Rxf4 Re6+ 43. Kf3 Nd3 44. Rd4 Rf6+ 45. Ke3 Nf4 46. h4 Re6+ 47.
Kd2 Rg6 48. Rxf4 {Black resigns} 1-0

[Event "Team 45 45 League T47"]
[Site "Internet Chess Club"]
[Date "2010.12.03"]
[Round "5"]
[White "kidcobra"]
[Black "tryanything"]
[Result "0-1"]
[WhiteElo "1621"]
[BlackElo "1588"]
[Opening "Scotch gambit: Dubois-Réti defense"]
[ECO "C55"]
[Time "14:55:12"]
[TimeControl "2700+45"]

1. e4 e5 2. Nf3 Nc6 3. d4 exd4 4. Bc4 Nf6 5. e5 Ng4 6. Bxf7+ Kxf7 7. Ng5+ Ke8 8.
Qxg4 d6 9. e6 Qf6 10. O-O h6 11. Qh3 g6 12. Nf7 Bxe6 13. Re1 Kxf7 14. Qg3 Re8
15. Bd2 Bf5 16. Na3 Bg7 17. Rf1 Re2 18. Qb3+ Qe6 19. Qxb7 Qd7 20. Qb3+ d5 21.
Rad1 Rb8 22. Qf3 Re4 23. Bf4 Kg8 24. Qg3 Rxb2 25. Bc1 Rb8 26. f3 Re2 27. Rfe1
Rxe1+ 28. Rxe1 Re8 29. Bd2 Rxe1+ 30. Qxe1 Qe6 31. Qf2 d3 32. c3 d4 33. Nb5 dxc3
34. Bxc3 Qe2 35. Qxe2 dxe2 36. Be1 Nb4 37. Bxb4 c6 38. Nd6 Bd4+ 39. Kh1 Bf2 40.
g4 Bb1 41. Nc8 Bxa2 42. Ne7+ Kf7 43. Nxc6 e1=Q+ 44. Bxe1 Bxe1 45. Nxa7 Bf2 46.
Nb5 Bd5 47. Kg2 Bc5 48. Nc3 Ba8 49. h4 Kf6 50. Nb5 Ke5 51. Kg3 Bc6 52. Nc3 Bd4
53. Ne2 Be3 54. Kg2 Bb5 55. Nc3 Bd3 56. Kg3 Bf4+ 57. Kf2 Kd4 58. Na4 Be3+ 59.
Kg3 Ke5 60. Nc3 Bf4+ 61. Kf2 Kd4 62. Nd1 Bc2 63. Ke1 Bxd1 64. Kxd1 Ke3 65. h5 g5
66. Ke1 Kxf3 67. Kf1 Kxg4 68. Kg2 Kxh5 69. Kh3 Kg6 70. Kg4 h5+ 71. Kh3 g4+ 72.
Kg2 h4 73. Kh1 h3 74. Kg1 Kg5 75. Kh1 Kf5 76. Kg1 Ke4 77. Kh1 Kf3 78. Kg1 g3 79.
Kh1 g2+ 80. Kg1 h2# {White checkmated} 0-1

[Event "Team 45 45 League T47"]
[Site "Internet Chess Club"]
[Date "2010.12.02"]
[Round "5"]
[White "Aquaman"]
[Black "islanderpfeifer"]
[Result "0-1"]
[WhiteElo "1310"]
[BlackElo "1446"]
[Opening "Petrov's defense"]
[ECO "C42"]
[Time "20:00:21"]
[TimeControl "2700+45"]

1. e4 e5 2. Nf3 Nf6 3. d3 Bc5 4. h3 d6 5. Nbd2 O-O 6. Be2 Re8 7. O-O c6 8. a3 d5
9. b4 Bb6 10. Bb2 Nbd7 11. Re1 a6 12. c4 Ba7 13. c5 b6 14. Nb3 dxe4 15. dxe4
Nxe4 16. Bd3 Nef6 17. Nxe5 Nxe5 18. Rxe5 Bb7 19. Qd2 Bb8 20. Rxe8+ Qxe8 21. Re1
Qd8 22. Bxf6 gxf6 23. Bxh7+ Kxh7 24. Qxd8 Bh2+ 25. Kxh2 Rxd8 26. Kg1 Rd3 27. Nc1
Rxa3 28. Kf1 bxc5 29. bxc5 Kg7 30. Ke2 Rc3 31. Nd3 a5 32. Kd2 Rc4 33. Rb1 Ba6
34. Rc1 Rd4 35. Rc3 Rd5 36. Ke3 Bxd3 37. Rxd3 Rxc5 38. Kd4 Rd5+ 39. Kc4 Rf5 40.
f3 Kg6 41. g4 Re5 42. f4 Rb5 43. h4 Rb4+ 44. Kc5 Rxf4 45. Rd4 Rxd4 46. Kxd4 f5
47. h5+ Kg5 48. h6 Kxh6 49. gxf5 Kg5 50. Kc5 Kxf5 51. Kc4 Ke4 {White resigns}
0-1

[Event "Team 45 45 League T47"]
[Site "Internet Chess Club"]
[Date "2010.12.05"]
[Round "5"]
[White "rayonline53"]
[Black "Grenadier"]
[Result "0-1"]
[WhiteElo "1498"]
[BlackElo "1738"]
[Opening "Caro-Kann: classical variation"]
[ECO "B18"]
[Time "08:02:08"]
[TimeControl "2700+45"]

1. e4 c6 2. d4 d5 3. Nc3 dxe4 4. Nxe4 Bf5 5. Ng3 Bg6 6. Nf3 Nd7 7. Bd3 e6 8. O-O
Ngf6 9. Bg5 Bd6 10. Re1 O-O 11. Ne5 Qb6 12. Bxg6 hxg6 13. Nc4 Qc7 14. Nxd6 Qxd6
15. c3 a5 16. Qc2 b5 17. Ne4 Nxe4 18. Rxe4 Nf6 19. Rh4 Qd5 20. Bd2 Rfc8 21. a3
Kf8 22. Re1 Qf5 23. Qc1 Qd5 24. Re5 Qd7 25. Bg5 Ng8 26. Rc5 f6 27. Be3 Ne7 28.
Qc2 Kf7 29. Qe4 b4 30. g3 bxa3 31. bxa3 Rcb8 32. Qc2 Rb7 33. Kg2 Rab8 34. Rxa5
Rb2 35. Qd3 R8b3 36. Ra4 Nd5 37. Kf3 Nxc3 38. Rb4 Qd5+ 39. Kg4 Qf5+ {White
resigns} 0-1

[Event "Team 45 45 League T47"]
[Site "Internet Chess Club"]
[Date "2010.12.03"]
[Round "5"]
[White "GoIrish"]
[Black "nursey"]
[Result "0-1"]
[WhiteElo "1522"]
[BlackElo "1558"]
[Opening "Réti opening"]
[ECO "A05"]
[Time "16:34:04"]
[TimeControl "2700+45"]

1. Nf3 Nf6 2. g3 c5 3. Bg2 d5 4. O-O Nc6 5. d3 e5 6. e4 dxe4 7. dxe4 Qxd1 8.
Rxd1 Ng4 9. Nc3 Nd4 10. Nxd4 cxd4 11. Nd5 Bd6 12. Bd2 O-O 13. c3 Rd8 14. cxd4
exd4 15. h3 Ne5 16. Bf4 Nc4 17. Bxd6 Rxd6 18. b3 Ne5 19. Rxd4 Kf8 20. f4 Nc6 21.
Rc4 Be6 22. Rc3 Rad8 23. Rac1 Nd4 24. Kf2 Bxd5 25. exd5 a5 26. Rc4 Nf5 27. Rc7
Ne7 28. Rxb7 Nxd5 29. Ra7 Nb4 30. Bf1 Rd2+ 31. Kf3 Nd3 32. Rcc7 Rf2+ 33. Kg4 f5+
34. Kxf5 g6+ 35. Kg5 Rd5+ 36. Kg4 Ne5+ 37. Kh4 Nf3+ 38. Kg4 Nh2+ 39. Kh4 Rh5#
{White checkmated} 0-1

[Event "Team 45 45 League T47"]
[Site "Internet Chess Club"]
[Date "2010.12.05"]
[Round "5"]
[White "oldprez"]
[Black "Esslinger"]
[Result "1-0"]
[WhiteElo "1471"]
[BlackElo "1329"]
[Opening "Scandinavian (center counter) defense"]
[ECO "B01"]
[Time "14:00:31"]
[TimeControl "2700+45"]

1. e4 d5 2. exd5 Qxd5 3. Nc3 Qa5 4. Nf3 Bg4 5. Be2 Nf6 6. a3 c6 7. O-O e6 8. d4
Be7 9. Bd2 Qd8 10. Re1 O-O 11. Qc1 Nbd7 12. Ng5 Bf5 13. Nd1 Nd5 14. c4 Nc7 15.
h4 h6 16. Nf3 Kh7 17. Ne3 Be4 18. Ng4 Bf5 19. Nxh6 gxh6 20. Bxh6 Rg8 21. Ng5+
Bxg5 22. hxg5 Bg6 23. Bf3 Re8 24. Be4 Nf8 25. Qf4 Qe7 26. Qh4 Kg8 27. Re3 f5 28.
gxf6 Qh7 29. Rg3 Kf7 30. Re1 Nd7 31. Bxg6+ Qxg6 32. Rxg6 Kxg6 33. Qg5+ Kf7 34.
Qg7# {Black checkmated} 1-0

[Event "Team 45 45 League T47"]
[Site "Internet Chess Club"]
[Date "2010.12.06"]
[Round "5"]
[White "otherook"]
[Black "zepled37"]
[Result "1-0"]
[WhiteElo "1832"]
[BlackElo "1664"]
[Opening "English opening"]
[ECO "A13"]
[Time "07:30:22"]
[TimeControl "2700+45"]

1. c4 e6 2. g3 Nf6 3. Bg2 d5 4. cxd5 exd5 5. Nf3 c6 6. O-O Be7 7. d3 O-O 8. Qc2
Bf5 9. Nh4 Be6 10. e4 dxe4 11. dxe4 Nbd7 12. Nc3 Re8 13. b3 Qa5 14. Bd2 Qb6 15.
Na4 Qc7 16. Nc3 Rac8 17. Rac1 Qd8 18. Be3 Ba3 19. Rcd1 Qa5 20. Bd2 Qd8 21. Bg5
Qa5 22. Bd2 Bf8 23. Nd5 Qd8 24. Nxf6+ Qxf6 25. Bc3 Qe7 26. Rfe1 Nf6 27. Qb2 Nd7
28. Nf5 Qg5 29. h4 Qg6 30. Nd6 Bxd6 31. Rxd6 Nf8 32. Bh3 Rcd8 33. Bf5 Qh6 34.
Red1 Rxd6 35. Rxd6 Kh8 36. Bxe6 Nxe6 37. Qd2 Qxd2 38. Bxd2 Rd8 39. Rxd8+ Nxd8
40. f4 h5 41. Kf2 Kg8 42. Ke3 Kf8 43. Bc3 g6 44. Bf6 Ne6 45. f5 Nc7 46. Kf4 b5
47. Kg5 c5 48. Bd8 Na6 49. Ba5 c4 50. bxc4 bxc4 51. fxg6 Nc5 52. Bb4 Kg7 53.
Bxc5 a6 54. Bd4+ f6+ 55. Bxf6+ {Black resigns} 1-0

[Event "Team 45 45 League T47"]
[Site "Internet Chess Club"]
[Date "2010.12.04"]
[Round "5"]
[White "bmw2002"]
[Black "ZiggyStardust"]
[Result "1/2-1/2"]
[WhiteElo "1569"]
[BlackElo "1574"]
[Opening "English, 1...Nf6 (Anglo-Indian defense)"]
[ECO "A15"]
[Time "07:00:49"]
[TimeControl "2700+45"]

1. c4 Nf6 2. g3 d5 3. Bg2 e6 4. cxd5 exd5 5. Nf3 Bf5 6. O-O Nc6 7. Nc3 g6 8. d3
Bg7 9. Bf4 a6 10. Rc1 O-O 11. Na4 Re8 12. Re1 Qe7 13. Nh4 Be6 14. Nc5 Rab8 15.
Qd2 Kh8 16. Bg5 Qd6 17. Bf4 Qe7 18. e4 dxe4 19. Nxe6 fxe6 20. dxe4 e5 21. Bg5
Qf7 22. b3 Rbd8 23. Qc3 Rd4 24. Qc2 Nb4 25. Qxc7 Rd7 26. Qc4 Nd3 27. Qxf7 Rxf7
28. Red1 Nxc1 29. Bxc1 Rd7 30. Re1 Red8 31. Nf3 Rd1 32. Bb2 Nxe4 33. Kf1 Nd2+
34. Nxd2 R8xd2 35. Rxd1 Rxd1+ 36. Ke2 Rb1 37. Bc3 Rc1 38. Bd2 Rc2 39. Kd3 Rxa2
40. Bxb7 Ra3 41. Bd5 a5 42. Kc2 Ra2+ 43. Kc1 Ra1+ 44. Kc2 Ra2+ 45. Kc1 Ra1+ 46.
Kc2 Ra2+ 47. Kc1 {Game drawn by repetition} 1/2-1/2

[Event "Team 45 45 League T47"]
[Site "Internet Chess Club"]
[Date "2010.12.04"]
[Round "5"]
[White "mongmong"]
[Black "BrerRabbit"]
[Result "1/2-1/2"]
[WhiteElo "1547"]
[BlackElo "1577"]
[Opening "King's Indian: East Indian defense"]
[ECO "A48"]
[Time "19:02:55"]
[TimeControl "2700+45"]

1. d4 Nf6 2. Nf3 g6 3. e3 Bg7 4. c4 c5 5. Nc3 cxd4 6. exd4 d5 7. Bg5 dxc4 8.
Bxc4 O-O 9. O-O h6 10. Bf4 Nc6 11. Qd2 Kh7 12. h3 a6 13. Rfd1 Na5 14. Be2 Nd5
15. Nxd5 Qxd5 16. b3 b6 17. Bc7 Qb7 18. Rac1 Bf5 19. Bf4 Rac8 20. Rxc8 Rxc8 21.
Rc1 Qd5 22. Rxc8 Bxc8 23. Qc3 Qc6 24. Qxc6 Nxc6 25. Be5 a5 26. Bxg7 Kxg7 27. Bb5
Nb4 28. a4 Nd5 29. Bc4 Be6 30. Nd2 Kf6 31. h4 Kf5 32. g3 g5 33. hxg5 hxg5 34.
Kf1 f6 35. Ke2 Nc7 36. Bxe6+ Kxe6 37. Nc4 Nd5 38. Kd3 Kf5 39. f3 Ke6 40. Ke4
Nc3+ 41. Kd3 Nd5 42. Nd2 Kd6 43. Ne4+ Kc6 44. Kc4 Ne3+ 45. Kd3 Nd5 46. Nd2 Kd6
{Game drawn by mutual agreement} 1/2-1/2

[Event "Team 45 45 League T47"]
[Site "Internet Chess Club"]
[Date "2010.12.04"]
[Round "5"]
[White "SpeedBlade"]
[Black "MCJR"]
[Result "1/2-1/2"]
[WhiteElo "1476"]
[BlackElo "1466"]
[Opening "English: Caro-Kann defensive system"]
[ECO "A11"]
[Time "17:00:36"]
[TimeControl "2700+45"]

1. c4 c6 2. g3 d5 3. Bg2 Nf6 4. Nf3 dxc4 5. Qc2 b5 6. b3 cxb3 7. axb3 Bb7 8. Bb2
e6 9. O-O Bd6 10. d4 O-O 11. e4 Bc7 12. Nc3 Re8 13. Rfd1 Bb6 14. e5 Nd5 15. Ne4
Bc7 16. Nfg5 h6 17. Nc5 Qxg5 18. Nxb7 Qe7 19. Ba3 b4 20. Bb2 Rc8 21. Qc5 Qxc5
22. Nxc5 Bb6 23. Rac1 a5 24. Nb7 Bc7 25. Bxd5 exd5 26. Ra1 Ra7 27. Nc5 Na6 28.
Rdc1 Nxc5 29. Rxc5 Bb6 30. Rc2 Rac7 31. Rac1 Kf8 32. Kf1 Ke7 33. f4 g6 34. h4 h5
35. Ke2 Ke6 36. Kf3 Kf5 37. Ba1 Ke6 38. Ke2 Kd7 39. Kd3 Ra8 40. Bb2 a4 41. Ra1
a3 42. Bc1 c5 43. dxc5 Bxc5 44. Be3 Be7 45. Rxc7+ Kxc7 46. Rc1+ Kd7 47. Bd4 Ra6
48. Rc2 Rc6 49. Rxc6 Kxc6 50. Ba1 Bc5 51. Kc2 Bf2 52. g4 hxg4 53. h5 gxh5 54. f5
g3 55. e6 fxe6 56. f6 g2 57. f7 g1=Q 58. f8=Q Qxa1 59. Qc8+ Kb6 60. Qxe6+ Kc5
61. Qe7+ Kb5 62. Qd7+ Kb6 63. Qd6+ Kb5 64. Qd7+ Kc5 65. Qe7+ Kb5 66. Qd7+ {Game
drawn by repetition} 1/2-1/2

[Event "Team 45 45 League T47"]
[Site "Internet Chess Club"]
[Date "2010.12.05"]
[Round "5"]
[White "BlackHorse"]
[Black "Dreamshell"]
[Result "1-0"]
[WhiteElo "1937"]
[BlackElo "1890"]
[Opening "Caro-Kann: two knights, 3...Bg4"]
[ECO "B10"]
[Time "14:00:18"]
[TimeControl "2700+45"]

1. e4 c6 2. Nf3 d5 3. Nc3 Bg4 4. h3 Bh5 5. exd5 cxd5 6. Bb5+ Nc6 7. g4 d4 8. Ne5
Qd6 9. Nxc6 bxc6 10. Qf3 Rc8 11. Ba6 Rb8 12. Ne4 Qe5 13. O-O Bg6 14. d3 Rb6 15.
Bc4 e6 16. Bf4 Bxe4 17. dxe4 Qc5 18. Bb3 Bd6 19. Rad1 Bxf4 20. Qxf4 Ne7 21. Qc7
O-O 22. Qxa7 Ng6 23. Qc7 Ne5 24. Kg2 Rfb8 25. c3 d3 26. f4 Nc4 27. Rxd3 h6 28.
Rf2 R8b7 29. Qd8+ Kh7 30. e5 Na5 31. Bc2 g6 32. f5 exf5 33. gxf5 Qxe5 34. fxg6+
fxg6 35. Rd7+ {Black resigns} 1-0

[Event "Team 45 45 League T47"]
[Site "Internet Chess Club"]
[Date "2010.12.06"]
[Round "5"]
[White "backrankbrawler"]
[Black "Phosphorus"]
[Result "0-1"]
[WhiteElo "1708"]
[BlackElo "2074"]
[Opening "Pirc: 150 attack"]
[ECO "B07"]
[Time "13:00:10"]
[TimeControl "2700+45"]

1. d4 d6 2. e4 Nf6 3. Nc3 g6 4. Be3 c6 5. Qd2 b5 6. f3 Nbd7 7. Bh6 Bxh6 8. Qxh6
b4 9. Nd1 Qb6 10. Ne2 Ba6 11. Qe3 Rc8 12. b3 O-O 13. Nb2 Rfe8 14. Na4 Qb7 15.
Nc1 Bxf1 16. Rxf1 c5 17. dxc5 Nxc5 18. Nxc5 Rxc5 19. Rf2 Rec8 20. c4 bxc3 21.
Rc2 Rh5 22. h3 d5 23. e5 Nd7 24. f4 f6 25. g4 d4 26. Qxd4 Rxh3 27. Ne2 Rh1+ 28.
Ng1 fxe5 29. fxe5 Nxe5 30. O-O-O Nf3 31. Nxf3 Qxf3 32. Rxh1 Qxh1+ 33. Qd1 Qxd1+
34. Kxd1 h5 35. gxh5 gxh5 36. Rh2 Rc5 37. Kc2 a5 38. Rh4 Kg7 39. Re4 Kf6 40. a3
e5 41. b4 axb4 42. axb4 Rc8 43. b5 Kf5 44. Rh4 Kg5 45. Re4 Rc5 46. b6 Rb5 47.
Kxc3 Rxb6 48. Rxe5+ Kg4 49. Re4+ Kf3 50. Rd4 Re6 51. Kd3 Kg3 52. Rd8 h4 53. Rg8+
Kh2 54. Rh8 h3 55. Rg8 Re1 56. Rh8 Kg2 57. Rg8+ Kh1 58. Rh8 h2 59. Kd2 Rg1 60.
Ke2 Kg2 61. Rg8+ Kh3 62. Rh8+ Kg3 63. Rg8+ Kf4 64. Rf8+ Ke5 65. Re8+ Kd6 {White
resigns} 0-1

[Event "Team 45 45 League T47"]
[Site "Internet Chess Club"]
[Date "2010.12.05"]
[Round "5"]
[White "Monsoon-Smith"]
[Black "pestka"]
[Result "0-1"]
[WhiteElo "1971"]
[BlackElo "2298"]
[Opening "Sicilian: Nimzovich-Rossolimo attack (with ...g6, without ...d6)"]
[ECO "B31"]
[Time "16:01:47"]
[TimeControl "2700+45"]

1. e4 c5 2. Nf3 Nc6 3. Bb5 g6 4. O-O Bg7 5. c3 Nf6 6. Re1 O-O 7. h3 e5 8. d3 d6
9. Nbd2 Bd7 10. Nf1 a6 11. Ba4 b5 12. Bc2 Re8 13. Be3 Qe7 14. d4 cxd4 15. cxd4
exd4 16. Nxd4 Nxe4 17. Rc1 Rac8 18. Nxc6 Bxc6 19. Bd4 Qh4 20. f3 Ng5 21. Rxe8+
Rxe8 22. Bxg7 Bxf3 23. Qd4 Nxh3+ 24. Kh2 Nf4+ {White resigns} 0-1

[Event "Team 45 45 League T47"]
[Site "Internet Chess Club"]
[Date "2010.12.07"]
[Round "5"]
[White "eurander"]
[Black "Freitac"]
[Result "1-0"]
[WhiteElo "2195"]
[BlackElo "1952"]
[Opening "Sicilian: Alapin's variation (2.c3)"]
[ECO "B22"]
[Time "15:33:43"]
[TimeControl "2700+45"]

1. e4 c5 2. c3 d5 3. exd5 Qxd5 4. d4 Nc6 5. Nf3 Bg4 6. Be2 cxd4 7. cxd4 e6 8.
Nc3 Qa5 9. h3 Bh5 10. O-O Nf6 11. Be3 Bd6 12. a3 O-O 13. b4 Qd8 14. Qb3 Rc8 15.
Rfd1 Ne7 16. Bg5 Nfd5 17. Nxd5 exd5 18. Rac1 f6 19. Bd2 Rxc1 20. Rxc1 Qb6 21.
Be3 Bb8 22. Qc2 Rc8 23. Qxc8+ Nxc8 24. Rxc8+ Kf7 25. Rxb8 Qc7 26. Ra8 a6 27.
Ng5+ fxg5 28. Bxh5+ g6 29. Bf3 Ke6 30. Re8+ Kf7 31. Re5 Qc3 32. Bxd5+ Kf6 33.
Bxg5+ Kg7 34. Re7+ Kf8 35. Re3 Qa1+ 36. Kh2 Kg7 37. Bf4 g5 38. Be5+ Kg6 39. Bxb7
h5 {Black resigns} 1-0

[Event "Team 45 45 League T47"]
[Site "Internet Chess Club"]
[Date "2010.12.03"]
[Round "5"]
[White "Uragon-bocho"]
[Black "mitus"]
[Result "1-0"]
[WhiteElo "2018"]
[BlackElo "1760"]
[Opening "Bogo-Indian defense, Nimzovich variation"]
[ECO "E11"]
[Time "17:07:04"]
[TimeControl "2700+45"]

1. d4 Nf6 2. Nf3 e6 3. c4 Bb4+ 4. Bd2 Qe7 5. a3 Bxd2+ 6. Nbxd2 Nc6 7. e3 O-O 8.
Be2 d6 9. Rc1 a5 10. Qc2 e5 11. d5 Nb8 12. Bd3 Re8 13. Ng5 g6 14. h4 Nh5 15. Be2
f5 16. Bxh5 gxh5 17. Qd1 h6 18. Qxh5 hxg5 19. hxg5 Rf8 20. Qh8+ Kf7 21. Rh7+ Kg6
22. Rh6+ {Black resigns} 1-0

[Event "Team 45 45 League T47"]
[Site "Internet Chess Club"]
[Date "2010.12.04"]
[Round "5"]
[White "tourettes"]
[Black "AntonioMendonca"]
[Result "1-0"]
[WhiteElo "1498"]
[BlackElo "1537"]
[Opening "French: King's Indian attack"]
[ECO "C00"]
[Time "12:21:50"]
[TimeControl "2700+45"]

1. e4 e6 2. d3 d5 3. Nd2 Nf6 4. Ngf3 c5 5. g3 Nc6 6. Bg2 d4 7. Nc4 Qc7 8. a4 e5
9. O-O Bd6 10. Bg5 Na5 11. b3 Nxc4 12. bxc4 h6 13. Bxf6 gxf6 14. Nh4 a5 15. Qh5
Be6 16. Nf5 Bf8 17. Rfb1 b6 18. Qg4 h5 19. Ng7+ Ke7 20. Nxe6 fxe6 21. Qh4 Kd6
22. f4 Be7 23. f5 Rag8 24. Bh3 exf5 25. Bxf5 Rg5 26. Rb5 Bd8 27. Rab1 Qa7 28.
Kf2 Kc6 29. Be6 Kd6 30. Bc8 Qb8 31. Qh3 f5 32. Bxf5 Rf8 33. Ke2 Rfxf5 34. exf5
Qa8 35. Rxb6+ Bxb6 36. Rxb6+ Kc7 37. Rh6 e4 38. Rxh5 exd3+ 39. cxd3 Rxh5 40.
Qxh5 Qg2+ 41. Kd1 Qg1+ 42. Kd2 Qe3+ 43. Kc2 Qf2+ 44. Kb3 Qd2 45. Qf7+ Kb6 46.
Qe6+ Kc7 47. Qe5+ Kb7 48. Qd5+ Kb8 49. Qd6+ Kb7 50. Qd7+ Ka8 51. Qc8+ Ka7 52.
Qxc5+ Ka6 53. Qxd4 Qd1+ 54. Ka3 Kb7 55. f6 Kc7 56. f7 Qf3 57. Qf4+ {Black
resigns} 1-0

[Event "Team 45 45 League T47"]
[Site "Internet Chess Club"]
[Date "2010.12.04"]
[Round "5"]
[White "UsuallySleepy"]
[Black "mickeys"]
[Result "1/2-1/2"]
[WhiteElo "1808"]
[BlackElo "1933"]
[Opening "French: Fort Knox variation"]
[ECO "C03"]
[Time "19:00:40"]
[TimeControl "2700+45"]

1. e4 e6 2. d4 d5 3. Nd2 Bd7 4. Ngf3 dxe4 5. Nxe4 Bc6 6. Bd3 Nd7 7. O-O Ngf6 8.
Re1 Bxe4 9. Bxe4 Nxe4 10. Rxe4 Nf6 11. Re1 c6 12. Bg5 h6 13. Bh4 Be7 14. Qd3 Qc7
15. Bg3 Bd6 16. Bxd6 Qxd6 17. Ne5 O-O 18. a3 Rad8 19. Rad1 Qc7 20. Qe3 Nd5 21.
Qe2 c5 22. dxc5 Qxc5 23. c4 Nf6 24. b4 Qc7 25. Rd3 Rxd3 26. Qxd3 Rd8 27. Qc2 Qd6
28. h3 Qd2 29. Qxd2 Rxd2 30. Kf1 Ra2 31. Re3 Kf8 32. Ke1 Ra1+ 33. Ke2 Ra2+ 34.
Kf3 Rd2 35. Rd3 Rxd3+ 36. Nxd3 Ke7 37. Ke3 Nd7 38. Kd4 f6 39. c5 g5 40. b5 Nb8
41. Nb4 Kd7 42. a4 h5 43. g4 hxg4 44. hxg4 Kc7 45. Ke4 Nd7 46. Nd3 Nf8 47. Nb2
Ng6 48. Nc4 Ne7 49. Nd6 Nd5 50. Kd4 b6 51. Nc4 bxc5+ 52. Kxc5 Nc3 53. Kb4 Nd5+
54. Kc5 Nc3 55. Kb4 Nd5+ 56. Kc5 {Game drawn by repetition} 1/2-1/2

[Event "Team 45 45 League T47"]
[Site "Internet Chess Club"]
[Date "2010.12.07"]
[Round "5"]
[White "pishd"]
[Black "kabindra"]
[Result "1/2-1/2"]
[WhiteElo "1696"]
[BlackElo "1728"]
[Opening "King's Indian: London system"]
[ECO "A48"]
[Time "10:07:10"]
[TimeControl "2700+45"]

1. d4 Nf6 2. Nf3 g6 3. Bf4 Bg7 4. e3 O-O 5. Be2 d6 6. h3 c5 7. c3 Nc6 8. Nbd2
Bf5 9. g4 Bd7 10. dxc5 dxc5 11. Qc2 Nd5 12. Bg3 a6 13. a4 b5 14. e4 Nc7 15. axb5
Nxb5 16. O-O Nc7 17. Rfd1 Qc8 18. Nc4 Rb8 19. Nce5 Nxe5 20. Nxe5 Be6 21. Nc6 Bb3
22. Qd2 Re8 23. Nxb8 Bxd1 24. Rxd1 Qxb8 25. Qd7 e5 26. Bc4 Ne6 27. Bxe6 Rxe6 28.
Qd8+ Re8 29. Qxb8 Rxb8 30. Rd5 f6 31. Rxc5 Rxb2 32. Rc8+ Kf7 33. Rc7+ Kg8 34.
Rc8+ Bf8 35. Rc6 Kf7 36. Rxa6 g5 37. Ra7+ Kg6 38. h4 Rc2 39. h5+ Kh6 40. Rf7 Bg7
41. Rc7 Bf8 42. Rf7 Bg7 43. Rc7 Bf8 44. Rf7 Bg7 {Game drawn by repetition}
1/2-1/2

[Event "Team 45 45 League T47"]
[Site "Internet Chess Club"]
[Date "2010.12.05"]
[Round "5"]
[White "loserloser"]
[Black "cknights"]
[Result "1-0"]
[WhiteElo "1801"]
[BlackElo "1878"]
[Opening "Sicilian: Tartakower variation"]
[ECO "B53"]
[Time "11:00:44"]
[TimeControl "2700+45"]

1. e4 c5 2. Nf3 d6 3. d4 cxd4 4. c3 d3 5. c4 Nc6 6. Nc3 Nf6 7. Bxd3 e6 8. O-O
Be7 9. Bg5 h6 10. Bh4 O-O 11. Qe2 a6 12. Rfd1 Qc7 13. Rac1 b6 14. Bg3 Nd7 15.
Bb1 Rd8 16. a3 Bb7 17. Bf4 Nde5 18. Nd5 Nxf3+ 19. Qxf3 exd5 20. cxd5 g5 21. dxc6
Bxc6 22. Be3 Qb7 23. Ba2 Rf8 24. Qh5 Bxe4 25. Qxh6 d5 26. f3 Bxf3 27. gxf3 Rfd8
28. Bd4 f6 29. Bb1 Bd6 30. Bxf6 Rdb8 31. Bg6 Bc5+ 32. Kg2 Be3 33. Qh8# {Black
checkmated} 1-0